 Dungeon Crawl Stone Soup version 0.29.1-12-g30fa7ad0bf (webtiles) character file.

Game seed: 7011132686622331626

28 FexLirch the Sneak (level 3, 0/29 HPs)
             Began as a Formicid Delver on Jan 11, 2023.
             Slain by a jelly (2 damage)
             ... on level 5 of the Dungeon.
             The game lasted 00:02:32 (312 turns).

FexLirch the Sneak (Formicid Delver)                 Turns: 312, Time: 00:02:33

Health: 0/29       AC: -9    Str: 18    XL:     3   Next: 27%
Magic:  3/3        EV: 12    Int:  9    God:
Gold:   26         SH:  0    Dex: 15    Spells: 2/2 levels left

rFire   . . .      SeeInvis +   a - +0 mace
rCold   . . .      Faith    .   (no shield)
rNeg    . . .      Spirit   .   b - +0 leather armour
rPois   .          Reflect  .   (helmet unavailable)
rElec   .          Harm     .   (no cloak)
rCorr   .          Rampage  .   (no gloves)
Will    .....                   (no boots)
Stlth   +++.......              (no amulet)
HPRegen 0.09/turn               (no ring)
MPRegen 0.08/turn               (no ring)

@: marked, corroded
A: permanent stasis, dig shafts and tunnels, antennae 3, four strong arms
a: Dig, Shaft Self


You were on level 5 of the Dungeon.
You visited 1 branch of the dungeon, and saw 3 of its levels.

You collected 26 gold pieces.

Inventory:

Hand Weapons
 a - a +0 mace (weapon)
Armour
 b - a +0 leather armour (worn)
Wands
 f - a wand of digging (3)
Scrolls
 c - a scroll of fog
 d - a scroll of magic mapping
 e - a scroll of fear


   Skills:
 + Level 3.6 Fighting
 * Level 2.8 Maces & Flails
 + Level 2.2 Dodging
 - Level 6.0 Stealth


You had 2 spell levels left.
You didn't know any spells.
Your spell library was empty.

Dungeon Overview and Level Annotations

Branches:
Dungeon (7/15)
 Temple: D:4-7

Altars:
Uskayaw

Shops:
D:5 (


Innate Abilities, Weirdness & Mutations

You cannot be hasted, slowed, berserked, paralysed or teleported.
You can dig through walls and to a lower floor.
You have a pair of large antennae on your head. (SInv)
Your four strong arms can wield two-handed weapons with a shield.


Message History

You kill the hound!
Your Dodging skill increases to level 2!
You have reached level 2!
You have reached level 3!
Your experience leads to an increase in your attributes!
Increase (S)trength, (I)ntelligence, or (D)exterity?
You feel stronger. x2
You start resting.
HP restored.
You see here a hound corpse.
Found 15 gold pieces.
You now have 26 gold pieces (gained 15).
A sourceless malevolence fills the Dungeon...
With a horrendous wail, an alarm goes off!
A sentinel's mark forms upon you.
You hear a shout!
You hear an angry hiss.
You hear a howl!
Okay, then.
Unknown command.
You start waiting.
A jelly comes into view.
Okay, then.
Okay, then.
Unknown command.
You sock the jelly!
Your hands burn!
The jelly is severely wounded.
The jelly barely misses you.
You hit the jelly.
Your hands burn!
The jelly is almost dead.
The jelly hits you but does no damage. The jelly completely misses you.
You hit the jelly. The acid corrodes you!
Your hands burn!
The jelly is almost dead.
The jelly hits you.
You are splashed with acid!
You hit the jelly. The acid corrodes you!
Your hands burn!
The jelly is almost dead.
The jelly hits you. The acid corrodes you!
You are splashed with acid!
* * * LOW HITPOINT WARNING * * *
You barely miss the jelly.
The jelly is almost dead.
The jelly hits you.
You die...

... #.# #.# #.# #.
#.# #. #####.# #.
##.....#.#.####
#.###...##........
#........@J..##..
{
#####...##......#
##.########.# #.#
#.# #######.## #.#
.....{...## #.#
...# ..........#
#.# ....
...####...# #.#
...#
...####...######.#
###


You could see a jelly.

Vanquished Creatures
  A hound (D:5)
1 creature vanquished.

Notes
Turn   | Place    | Note
-------+----------+-------------------------------------------
     0 | D:5      | FexLirch the Formicid Delver began the quest for the Orb.
     0 | D:5      | Reached XP level 1. HP: 18/18 MP: 1/1
     5 | D:5      | Noticed a wyvern
    11 | D:5      | Found Ucogede's Antique Weapon Shop.
    36 | D:6      | Found a hide-covered altar of Uskayaw.
    46 | D:7      | Noticed a killer bee
    86 | D:5      | Noticed a hound
   112 | D:5      | Noticed a scorpion
   161 | D:5      | Killed a hound
   162 | D:5      | Reached XP level 2. HP: 15/24 MP: 2/2
   162 | D:5      | Reached XP level 3. HP: 19/29 MP: 3/3
   312 | D:5      | Slain by a jelly

Illustrated notes

Levels and vault maps discovered:
D:5:      layout_loops_ring, serial_shops, nicolae_shop_advertising_works
          [nicolae_subvault_shop_adworks]
D:6:      layout_cave_pools, mainiacjoe_overflow_tiny_flanked,
          nicolae_yredelemnul_ghost_church, minmay_temple_entry_mist,
          hellmonk_ghost_happy_afterlife
D:7:      layout_rooms, mainiacjoe_overflow_24_doors

Skill      XL: |  1 |
---------------+----+-----
Dodging        | 2 |  2.2
Fighting       | |  3.6
Maces & Flails | |  2.8
Stealth        | |  6.0

Action                   || total
-------------------------++-------
Melee: Mace              ||    12
Armor: Leather armour    ||     2
Dodge: Dodged            ||     8
